 Dungeon Crawl Stone Soup version 0.31.0-11-ge490571c62 (webtiles) character file.

Game seed: 13799061847187224358

45 Aviak the Apothecary (level 3, -2/24 HPs)
             Began as a Formicid Alchemist on Feb 2, 2024.
             Slain by a goblin
             ... wielding a +0 club
             ... led by Robin
              (5 damage)
             ... on level 2 of the Dungeon.
             The game lasted 00:03:13 (1595 turns).

Aviak the Apothecary (Formicid Alchemist)           Turns: 1595, Time: 00:03:13

Health: -2/24      AC:  3    Str: 14    XL:     3   Next: 90%
Magic:  0/7        EV: 12    Int: 14    God:
Gold:   74         SH:  0    Dex: 14    Spells: 5/8 levels left

rFire   . . .        n - +0 dagger
rCold   . . .        (no shield)
rNeg    . . .        a - +0 robe
rPois   .            (helmet unavailable)
rElec   .            (no cloak)
rCorr   .            h - +0 pair of gloves
SInv    +            (no boots)
Will    +....        (no amulet)
Stlth   ++           (no ring)
HPRegen 0.24/turn    (no ring)
MPRegen 0.10/turn

%: no passive effects
@: enlightened, flying
A: permanent stasis, dig shafts and tunnels, antennae 3, four strong arms
a: Dig, Shaft Self


You were on level 2 of the Dungeon.
You visited 1 branch of the dungeon, and saw 2 of its levels.

You collected 74 gold pieces.

Inventory:

Hand Weapons
 n - a +0 dagger (weapon)
Armour
 a - a +0 robe (worn)
 e - a +0 kite shield
 f - a +0 ring mail
 h - a +0 pair of gloves (worn)
Scrolls
 d - a scroll of enchant armour {unknown}
 l - a scroll of noise {unknown}
 o - a scroll of enchant weapon {unknown}
 p - a scroll of silence {unknown}
 q - a scroll of vulnerability {unknown}
 r - a scroll of teleportation {unknown}
Potions
 b - a potion of magic
 g - a potion of mutation {unknown}
 i - a potion of berserk rage {unknown}
 j - a potion of degeneration {unknown}
 k - a potion of lignification {unknown}
 m - a potion of curing {unknown}


   Skills:
 - Level 2.0 Dodging
 - Level 2.4 Stealth
 - Level 3.0 Spellcasting
 - Level 1.0 Conjurations
 + Level 5.2 Alchemy


You had 5 spell levels left.
You knew the following spells:

 Your Spells              Type           Power      Damage    Failure   Level
a - Sting                 Conj/Alch      40%        1d5       6%          1
b - Mercury Vapours       Alch/Air       18%        N/A       11%         2

Your spell library contained the following spells:

 Spells                   Type           Power      Damage    Failure   Level
 Summon Small Mammal      Summ           8%         N/A       22%         1
 Olgreb's Toxic Radiance  Alch           16%        N/A       26%         4
 Mephitic Cloud           Conj/Alch/Air  7%         N/A       28%         3
 Frozen Ramparts          Ice            4%         1d1       54%         3
 Leda's Liquefaction      Alch/Erth      4%         N/A       58%         4
 Petrify                  Alch/Erth      9%         N/A       58%         4
 Sticky Flame             Fire/Alch      9%         2d5       58%         4
 Metabolic Englaciation   Hex/Ice        1%         N/A       99%         5


Dungeon Overview and Level Annotations

Branches:
Dungeon (2/15)

Altars:

Shops:
D:2 [?[

Annotations:
D:2 Robin


Innate Abilities, Weirdness & Mutations

You cannot be hasted, slowed, berserked, paralysed or teleported.
You can dig through walls and to a lower floor.
You have a pair of large antennae on your head. (SInv)
Your four strong arms can wield two-handed weapons with a shield.


Message History

The goblins go into a battle-frenzy!
You hear a shout!
You barely miss the goblin. The goblin hits you with a +0 club.
You closely miss the goblin. The goblin hits you with a +0 club.
You hit the goblin but do no damage. The goblin completely misses you.
You barely miss the goblin. The goblin barely misses you.
You hit the goblin.
The goblin is moderately wounded.
The goblin is no longer weakened.
The hobgoblin is no longer weakened.
The goblin misses you.
You hit the goblin.
You kill the goblin!
The goblin shoots a sling bullet.
The sling bullet hits you.
A hobgoblin comes into view.
You closely miss the hobgoblin.
The hobgoblin hits you but does no damage.
You barely miss the hobgoblin. The hobgoblin hits you.
Robin throws the goblin at you!
You barely miss the hobgoblin. The goblin barely misses you.
The hobgoblin hits you.
Casting: Mercury Vapours (safe; 11% risk of failure)
Confirm with . or Enter, or press ? or * to list all spells.
Aiming: Mercury Vapours (safe; 11% risk of failure)
Press: ? - help, Dir - move target, f - Robin
Aim: Robin, wielding a +0 club, wearing a +0 animal skin and wearing a +0 helmet (chance to weaken: 100%) Fumes of mercury billow around Robin!
Robin is poisoned.
Robin looks weaker.
The kobold looks weaker.
The hobgoblin looks weaker.
The goblin hits you with a +0 club. The hobgoblin barely misses you.
You barely miss the goblin. The goblin misses you.
The hobgoblin completely misses you.
You hit the goblin but do no damage.
The goblin no longer looks unusually strong.
The goblin hits you with a +0 club. The hobgoblin hits you.
* * * LOW HITPOINT WARNING * * *
Robin roars a battlecry!
The goblin goes into a battle-frenzy!
It was a potion of enlightenment.
You feel very buoyant.
You fly up into the air.
The goblin hits you with a +0 club.
You die...

..........####
..........### .,
.............## ..,
#............... ...,,
...............# ...(,
#..............# ....g##
#.............##
...gggg###..........##..#
,,#Kgg@g.........####..
#####................
##.............#.
########.............#.
..................[..#.
########.....>.).....#.
##............#.
##.......∩...##
########......


You could see Robin (very poisoned, weak), 5 hobgoblins, 2 goblins and a kobold
(weak).

Vanquished Creatures
  An adder (D:2)
  3 ball pythons
  2 endoplasms
  2 giant cockroaches
  3 hobgoblins (D:2)
  3 jackals (D:1)
  3 quokkas (D:1)
  2 bats (D:1)
  2 frilled lizards
  6 goblins
  A kobold (D:2)
  4 rats
32 creatures vanquished.

Notes
Turn   | Place    | Note
-------+----------+-------------------------------------------
     0 | D:1      | Aviak the Formicid Alchemist began the quest for the Orb.
     0 | D:1      | Reached XP level 1. HP: 13/13 MP: 3/3
    75 | D:1      | Reached skill level 1 in Conjurations
   204 | D:1      | Found a faded altar of an unknown god.
   218 | D:1      | Reached XP level 2. HP: 19/19 MP: 0/5
   227 | D:1      | Got Plato's Compilation of the Legion
   973 | D:1      | Learned a level 2 spell: Mercury Vapours
  1087 | D:2      | Found Femp's Antique Armour Emporium.
  1106 | D:2      | Reached XP level 3. HP: 19/24 MP: 1/7
  1286 | D:2      | Found Ixtos's Magic Scroll Boutique.
  1446 | D:2      | Reached skill level 5 in Alchemy
  1513 | D:2      | Found Ollyxkuk's Armour Emporium.
  1565 | D:2      | Noticed Robin
  1595 | D:2      | Slain by a goblin

Illustrated notes

Levels and vault maps discovered:
D:1:      spicycebolla_arrival_xxxplode, layout_loops_ring,
          shapermc_ecumenical_altar_rom_forum, chequers_arboretum
D:2:      layout_rooms, serial_shops, shop, shop, nicolae_shop_statue_plus,
          uniq_robin

Skill      XL: |  1  2  3 |
---------------+----------+-----
Conjurations   | 1 |  1.0
Dodging        | 2 |  2.0
Spellcasting   | 3 |  3.0
Alchemy        | 5 |  5.2
Stealth        | |  2.4

Action                     || total
---------------------------++-------
  Melee: Unarmed           ||    47
         Punch             ||     2
         Dagger            ||    21
   Cast: Sting             ||    46
         Mercury Vapours   ||     8
    Use: Potion            ||     1
 Armour: Robe              ||    65
  Dodge: Dodged            ||    90
